Map: Prion Terraces

Players

Epaminondas

  • Race: Terran Terran
  • League: Master

BunnyWillis - Winner!

  • Race: Terran Terran
  • League: Grandmaster

VOD

Have the link to the VOD?

Description

Time

  • Played on: Nov. 22, 2015, 12:05 a.m.
  • Length: 6:38
Show
View Real Time Build Order
Export as new Build Order

Epaminondas Terran 

Build Orders: Reaper Expand 

Get SALT Encoding   

  12  0:00  SCV  
  13  0:13  SCV  
  14  0:17  Supply Depot  
  14  0:25  SCV  
  15  0:39  SCV  
  16  0:43  Barracks  
  16  0:49  Refinery  
  16  0:51  SCV  
  17  1:03  SCV  
  18  1:15  SCV  
  19  1:29  Orbital Command  
  19  1:33  Reaper  
  20  1:43  Command Center  
  20  1:50  Supply Depot  
  20  1:55  SCV  
  21  2:05  Barracks Reactor  
  21  2:08  SCV  
  21  2:10  Refinery  
  22  2:21  SCV  
  23  2:26  Barracks  
  23  2:29  Factory  
  23  2:35  SCV  
  24  2:42  Marine x2  
  26  2:47  SCV  
  27  2:55  Orbital Command  
  27  2:59  SCV  
  27  3:04  Marine x2  
  30  3:13  Factory Tech Lab  
  30  3:14  Marine  
  30  3:19  Engineering Bay  
  31  3:22  Marine  
  31  3:23  Marine  
  31  3:25  SCV  
  35  3:35  Cyclone  
  35  3:37  SCV  
  35  3:38  SCV  
  39  3:42  Marine x2  
  39  3:45  Marine  
  42  3:49  SCV  
  42  3:50  SCV  
  44  4:01  Supply Depot, SCV  
  45  4:05  Starport  
  45  4:06  Marine  
  46  4:17  Factory Tech Lab  
  46  4:20  Supply Depot, SCV  
  44  4:30  Marine x2  
  46  4:35  SCV, Marine  
  47  4:48  SCV x2  
  47  4:51  Starport Reactor  
  49  5:00  SCV x2  
  49  5:05  Engineering Bay  
  51  5:08  Marine  
  51  5:12  SCV  
  51  5:13  Siege Tank  
  56  5:14  Marine  
  56  5:18  SCV  
  58  5:25  Marine  
  59  5:29  Medivac  
  59  5:33  Medivac  
  59  5:35  Supply Depot  
  63  5:36  Marine x2  
  63  5:38  SCV  
  56  6:01  Marine x3  
  56  6:02  Siege Tank  
  52  6:16  SCV  
  54  6:19  Marine x2  
Show
View Real Time Build Order
Export as new Build Order

BunnyWillis Terran - Winner!

Build Orders:  

Get SALT Encoding   

  12  0:08  SCV  
  13  0:21  SCV  
  14  0:24  Supply Depot  
  14  0:33  SCV  
  15  0:36  Refinery  
  15  0:46  SCV  
  16  0:50  Barracks  
  16  0:58  SCV  
  17  1:10  SCV  
  18  1:22  SCV  
  19  1:27  Refinery  
  19  1:39  Marine  
  21  1:40  Supply Depot  
  21  1:41  Orbital Command  
  21  1:44  Factory  
  20  1:56  Marine  
  21  2:07  SCV  
  22  2:14  Marine  
  22  2:19  SCV  
  23  2:26  Supply Depot  
  23  2:27  Widow Mine  
  25  2:30  Starport  
  25  2:31  SCV  
  25  2:33  Barracks Reactor  
  26  2:43  SCV  
  27  2:55  SCV  
  27  2:57  Factory Tech Lab  
  28  3:07  SCV  
  28  3:08  Medivac  
  28  3:09  Marine x2  
  33  3:15  Supply Depot  
  33  3:18  Siege Tank  
  36  3:24  SCV  
  37  3:27  Marine x2  
  39  3:36  SCV  
  40  3:41  Medivac  
  40  3:45  Marine x2  
  44  3:50  Siege Tank  
  44  3:54  Supply Depot  
  47  3:58  Supply Depot  
  47  4:16  SCV  
  48  4:27  Marine  
  48  4:28  SCV, Siege Tank, Marine  
  48  4:31  Medivac  
  56  4:45  SCV, Marine x2  
  57  4:50  Command Center  
  60  5:00  SCV  
  60  5:02  Siege Tank  
  60  5:03  Marine x2  
  63  5:12  Supply Depot  
  63  5:15  Supply Depot  
  63  5:28  Barracks  
  63  5:29  SCV  
  63  5:32  Barracks Tech Lab  
  64  5:38  Barracks  
  64  5:39  Starport Reactor  
  64  5:42  SCV  
  65  5:54  Marine  
  60  6:08  SCV, Orbital Command  
  61  6:12  Marine  
  62  6:23  SCV  
  66  6:36  Starport Reactor  
Tags
 
Matchup
TvT
Race
Terran
Replay Pack
REPS
Add a new tag
Caveats
  • Supply blocks, unpowered buildings, or Contaminate may cause inaccurate times.
  • Supply counts are checked every 10 seconds.